 Dungeon Crawl Stone Soup version 0.30-a0-1043-g60ff8d5f49 (webtiles) character file.

Game seed: 11770917855721669026

16648 Iich the Cleaver (level 12, -2/153 HPs)
             Began as a Demonspawn Fighter on Apr 8, 2023.
             Was an Initiate of Gozag.
             Slain by a death yak (20 damage)
             ... on level 2 of the Lair of Beasts on Apr 9, 2023.
             The game lasted 00:27:33 (16367 turns).

Iich the Cleaver (Demonspawn Fighter)              Turns: 16367, Time: 00:27:33

Health: -2/153     AC: 17    Str: 23    XL:     12   Next: 11%
Magic:  12/12      EV:  9    Int: 10    God:    Gozag
Gold:   727        SH:  5    Dex: 17    Spells: 11/11 levels left

rFire   + + .      SeeInvis .    a - +0 war axe
rCold   . . .      Faith    .    c - +0 buckler
rNeg    . . .      Spirit   .    A - +0 plate armour {rF+}
rPois   .          Reflect  .    (helmet unavailable)
rElec   .          Rampage  .    G - +1 cloak {Stlth+}
rCorr   .                        v - +2 pair of gloves
Will    .....                    k - +0 pair of boots Stlth
                                 (no amulet)
HPRegen 0.45/turn                y - +6 ring of strength
MPRegen 0.13/turn                F - ring of protection from fire

@: berserking (expiring), gold aura, hasted, studying Short Blades, very quick
A: horns 3, repulsion field 2, spiny 2
a: Renounce Religion, Potion Petition, Call Merchant, Bribe Branch


You were on level 2 of the Lair of Beasts.
You worshipped Gozag.
Gozag was pleased with you.
You visited 3 branches of the dungeon, and saw 13 of its levels.

You collected 1611 gold pieces.
You spent 778 gold pieces at shops.
You paid 106 gold pieces to Gozag.

Inventory:

Hand Weapons
 a - a +0 war axe (weapon)
Armour
 b - a +0 scale mail
 c - a +0 buckler (worn)
 k - a +0 pair of boots (worn)
 v - a +2 pair of gloves (worn)
 w - a +0 chain mail
 A - a +0 plate armour of fire resistance (worn)
 G - a +1 cloak of stealth (worn)
Jewellery
 i - a ring of fire
 y - a +6 ring of strength (left hand)
 C - a ring of resist corrosion
 F - a ring of protection from fire (right hand)
 W - a ring of wizardry
Wands
 x - a wand of flame (2)
 D - a wand of charming (10)
 I - a wand of acid (4)
 N - a wand of polymorph (6)
Scrolls
 f - a scroll of immolation
 g - 4 scrolls of fear
 j - 3 scrolls of fog
 l - a scroll of enchant weapon
 m - 2 scrolls of silence
 o - a scroll of torment
 t - a scroll of teleportation
 B - a scroll of blinking
 H - a scroll of poison
 J - a scroll of vulnerability
 L - a scroll of amnesia
Potions
 d - a potion of might
 e - a potion of berserk rage
 h - a potion of haste
 n - 4 potions of resistance
 p - 2 potions of mutation
 q - 3 potions of curing
 r - a potion of brilliance
 s - a potion of attraction
 u - a potion of lignification
 z - a potion of invisibility
 E - a potion of flight
 M - a potion of degeneration {unknown}
Miscellaneous
 K - a phial of floods (inert)


   Skills:
 + Level 12.0 Fighting
 * Level 14.9 Axes
 - Level 2.6 Armour
 - Level 2.6 Shields


You had 11 spell levels left.
You didn't know any spells.
Your spell library contained the following spells:

 Spells                   Type           Power      Damage    Failure   Level
 Apportation              Tloc           0%         N/A       100%        1
 Foxfire                  Conj/Fire      0%         2x1d4     100%        1
 Kiss of Death            Conj/Necr      0%         2d5       100%        1
 Ensorcelled Hibernation  Hex/Ice        0%         N/A       100%        2
 Confusing Touch          Hex            0%         N/A       100%        3
 Gell's Gravitas          Tloc           0%         N/A       100%        3
 Spider Form              Tmut/Pois      0%         N/A       100%        3
 Teleport Other           Tloc           0%         N/A       100%        3
 Anguish                  Hex/Necr       0%         N/A       100%        4
 Dispel Undead            Necr           0%         3d6       100%        4
 Alistair's Intoxication  Tmut/Pois      0%         N/A       100%        5
 Fireball                 Conj/Fire      0%         3d3       100%        5
 Iskenderun's Battlesphe  Conj           0%         2d6       100%        5
 Dispersal                Tloc           0%         N/A       100%        6
 Iron Shot                Conj/Erth      0%         9d1       100%        6
 Plasma Beam              Fire/Air       0%         2x1d11    100%        6
 Starburst                Conj/Fire      0%         6d3       100%        6
 Spellforged Servitor     Conj/Summ      0%         N/A       100%        7


Dungeon Overview and Level Annotations

Branches:
Dungeon (10/15)            Temple (1/1) D:6            Lair (2/5) D:10
 Spider (0/4) Lair:2          Orc (0/2) D:9
  Swamp: Lair:2-3    Shoals: Lair:2-3

Altars:
Ashenzari
Cheibriados
Dithmenos
Fedhas
Gozag
Hepliaklqana
Kikubaaqudgha
Makhleb
Nemelex Xobeh
Okawaru
Qazlal
Ru
Sif Muna
Trog
Uskayaw
Vehumet
Wu Jian
Xom
Yredelemnul

Shops:
D:1 *??   D:3 [   D:10 *

Annotations:
D:10 5 runed translucent doors


Innate Abilities, Weirdness & Mutations

You have a pair of large horns on your head.
You are surrounded by a moderate repulsion field. (EV +3)
You are mostly covered in sharp spines.


Message History

MP restored: 12 You slice the death yak!!
The death yak is moderately wounded.
You slice the death yak!!
The death yak is heavily wounded.
The death yak gores you but does no damage.
You barely miss the death yak. You headbutt the death yak!
The death yak is severely wounded.
You slash the death yak!
The death yak is almost dead.
The death yak gores you but does no damage.
You slash the death yak!
The death yak is almost dead.
You slice the death yak!!
You kill the death yak!
The death yak is distracted by your dazzling golden aura.
You barely miss the death yak.
The death yak bellows!
You headbutt the death yak!!
The death yak is moderately wounded.
You barely miss the death yak. You headbutt the death yak!
The death yak is heavily wounded.
The death yak is struck by your spines. The death yak gores you.
* * * LOW HITPOINT WARNING * * *
You take 4 damage, and have 26/153 hp.
You slash the death yak! You headbutt the death yak!
You kill the death yak!
Your Fighting skill increases to level 12!
The death yak is no longer distracted by gold.
The death yak gores you!
* * * LOW HITPOINT WARNING * * *
You see here 57 gold pieces.
You take 9 damage, and have 17/153 hp.
You slash the death yak! You headbutt the death yak!
The death yak is lightly wounded.
You slash the death yak!
The death yak is moderately wounded.
The death yak gores you!!
You die...
Your body crumbles into a pile of gold.

....# ....# .... ...
.. .# ##.# ## #$Y#
##.## #####@## ≈~..~
#..##.### ~~≈≈.##
##.....$P# ≈≈≈≈~.P
###P.......#
~≈≈≈≈.###....#####.#
~~≈≈≈......### ..#
≈≈≈≈~..#...# #..P
≈≈≈≈~.P...## #P..
≈≈≈≈.....#.# #..


You could see a death yak.

Vanquished Creatures
  Gastronok (Lair:1)
  Harold (Lair:1)
  A centaur warrior (D:10)
  A boulder beetle (D:10)
  5 death yaks (Lair:2)
  A fire crab (Lair:2)
  A rime drake (D:10)
  3 cane toads
  A komodo dragon (Lair:2)
  2 trolls (D:10)
  2 hornets
  4 blink frogs (Lair:2)
  Prince Ribbit (D:5)
  2 wraiths
  2 basilisks
  7 yaks (Lair:1)
  A steam dragon (D:8)
  Edmund (D:4)
  7 water moccasins
  2 sky beasts (D:6)
  Duvessa (D:7)
  An orc warrior (D:7)
  11 wolves
  5 centaurs
  2 ogres
  A phantom (D:6)
  5 bullfrogs
  A gnoll sergeant (D:6)
  2 scorpions
  5 wights (D:9)
  Dowan (D:7)
  6 killer bees (D:9)
  A howler monkey (D:8)
  2 electric eels (D:10)
  10 hounds
  A jelly (D:6)
  5 orc priests
  2 sleepcaps
  An iguana (D:4)
  5 orc wizards
  5 gnolls
  8 adders
  A shadow imp (D:7)
  4 white imps
  2 ufetubi
  2 dart slugs
  26 orcs
  A bat (D:2)
  7 endoplasms
  3 giant cockroaches (D:4)
  5 goblins
  5 hobgoblins
  3 jackals (D:3)
  3 kobolds
  2 quokkas
  7 ball pythons
  4 frilled lizards
  8 rats
210 creatures vanquished.

Vanquished Creatures (collateral kills)
  A torpor snail (Lair:2)
  A komodo dragon (Lair:1)
  A dream sheep (Lair:2)
  A bullfrog (Lair:2)
4 creatures vanquished.

Vanquished Creatures (others)
  A water moccasin (Lair:2)
  3 fungi (Lair:2)
  3 plants (Lair:2)
7 creatures vanquished.

Grand Total: 221 creatures vanquished

Notes
Turn   | Place    | Note
-------+----------+-------------------------------------------
     0 | D:1      | Iich the Demonspawn Fighter began the quest for the Orb.
     0 | D:1      | Reached XP level 1. HP: 18/18 MP: 1/1
    46 | D:1      | Reached skill level 2 in Axes
    47 | D:1      | Found Riefot's Assorted Antiques.
   109 | D:1      | Gained mutation: You are surrounded by a mild repulsion
                  | field. (EV +2) [demonic ancestry]
   109 | D:1      | Reached XP level 2. HP: 24/24 MP: 2/2
   232 | D:1      | Found Cugudwed's Magic Scroll Emporium.
   773 | D:1      | Found Xaklutai's Magic Scroll Emporium.
   787 | D:1      | Bought a scroll of teleportation for 42 gold pieces
  1448 | D:2      | Reached XP level 3. HP: 22/29 MP: 3/3
  1936 | D:2      | Reached skill level 3 in Axes
  2485 | D:3      | Noticed an ogre
  2533 | D:3      | Reached XP level 4. HP: 26/37 MP: 4/4
  2873 | D:3      | Found Oxzon's Armour Shop.
  2950 | D:3      | Found a faded altar of an unknown god.
  2990 | D:3      | Killed an ogre
  2991 | D:3      | Reached skill level 4 in Axes
  2991 | D:3      | Gained mutation: You are partially covered in sharp spines.
                  | [demonic ancestry]
  2991 | D:3      | Reached XP level 5. HP: 33/42 MP: 5/5
  3467 | D:4      | Reached skill level 5 in Axes
  3467 | D:4      | Gained mutation: You have a pair of small horns on your
                  | head. [demonic ancestry]
  3467 | D:4      | Reached XP level 6. HP: 49/49 MP: 6/6
  3976 | D:4      | Noticed Edmund
  3989 | D:4      | Killed Edmund
  3990 | D:4      | Reached skill level 5 in Fighting
  3990 | D:4      | Reached XP level 7. HP: 46/56 MP: 7/7
  4215 | D:5      | Entered Level 5 of the Dungeon
  4236 | D:5      | Reached skill level 6 in Axes
  4493 | D:5      | Noticed Prince Ribbit
  4505 | D:5      | Killed Prince Ribbit
  4506 | D:5      | Reached skill level 7 in Axes
  5275 | D:6      | Gained mutation: You have a pair of horns on your head.
                  | [demonic ancestry]
  5275 | D:6      | Reached XP level 8. HP: 58/64 MP: 8/8
  5601 | D:6      | Found a staircase to the Ecumenical Temple.
  5618 | Temple   | Entered the Ecumenical Temple
  5718 | Temple   | Became a worshipper of Gozag Ym Sagoz the Greedy
  5950 | D:1      | Bought an ivory ring for 155 gold pieces
  6184 | D:6      | Reached skill level 8 in Axes
  6483 | D:7      | Noticed Dowan
  6485 | D:7      | Noticed Duvessa
  6945 | D:7      | Killed Dowan
  6952 | D:7      | Killed Duvessa
  7227 | D:7      | Found a hazy altar of Hepliaklqana.
  7636 | D:1      | Bought a runed cloak for 232 gold pieces
  8152 | D:8      | Reached skill level 9 in Axes
  8152 | D:8      | Gained mutation: You have a pair of large horns on your
                  | head. [demonic ancestry]
  8152 | D:8      | Reached XP level 9. HP: 43/72 MP: 9/9
  9067 | D:1      | Bought 2 white potions for 55 gold pieces
  9353 | D:9      | Reached skill level 10 in Axes
  9403 | D:9      | Found a staircase to the Orcish Mines.
  9886 | D:10     | Entered Level 10 of the Dungeon
 10011 | D:10     | Noticed a centaur warrior
 10012 | D:10     | Found a staircase to the Lair.
 10013 | D:10     | Noticed a troll
 10022 | D:10     | Found Luschuujo's Lightly-Used Armoury.
 10023 | D:10     | Noticed a wolf spider
 10023 | D:10     | Noticed a wolf spider
 10027 | D:10     | Found a runed translucent gate.
 10029 | D:10     | Found a runed translucent gate.
 10090 | D:10     | Found a runed translucent door.
 10161 | D:10     | Killed a troll
 10162 | D:10     | Reached skill level 11 in Axes
 10162 | D:10     | Gained mutation: You are surrounded by a moderate repulsion
                  | field. (EV +3) [demonic ancestry]
 10162 | D:10     | Reached XP level 10. HP: 54/82 MP: 10/10
 10280 | D:10     | Noticed a black mamba
 10280 | D:10     | Noticed a black mamba
 10283 | D:10     | Found a runed translucent gate.
 10305 | D:10     | Found a runed translucent door.
 10327 | D:10     | Found the +9 staff of Olgreb {rPois∞}
 10920 | D:10     | Killed a centaur warrior
 11324 | D:10     | Found a snail-covered altar of Cheibriados.
 11331 | D:10     | Found a radiant altar of Vehumet.
 11334 | D:10     | Found an iron altar of Okawaru.
 11408 | D:10     | Noticed Erolcha
 11410 | D:10     | Erolcha changed into Erolcha the rime drake
 11410 | D:10     | Noticed Erolcha
 11415 | D:10     | Killed Erolcha the rime drake
 11550 | Lair:1   | Entered Level 1 of the Lair of Beasts
 11869 | D:1      | Bought a pair of faintly glowing boots for 294 gold pieces
 11869 | D:1      | Identified the -1 pair of boots "Zazunka" {Harm} (You
                  | bought it in a shop on level 1 of the Dungeon)
 12082 | Lair:1   | Noticed a boulder beetle
 12108 | Lair:1   | Noticed a cane toad
 12753 | D:10     | Killed a boulder beetle
 12754 | D:10     | Reached skill level 12 in Axes
 13156 | D:10     | Killed a cane toad
 13157 | D:10     | Reached skill level 10 in Fighting
 13410 | Lair:1   | Noticed a cane toad
 13802 | Lair:1   | Killed a cane toad
 14068 | Lair:1   | Reached XP level 11. HP: 33/92 MP: 11/11
 14322 | Lair:1   | Reached skill level 13 in Axes
 14382 | Lair:1   | Noticed Harold
 14411 | Lair:1   | Killed Harold
 14632 | Lair:1   | Noticed Gastronok
 14645 | Lair:1   | Killed Gastronok
 14973 | Lair:1   | Upgraded the game from 0.30-a0-1035-g38d5fb2972 to
                  | 0.30-a0-1043-g60ff8d5f49
 15198 | Lair:2   | Paralysed by a hornet for 3 turns
 15629 | Lair:2   | Reached skill level 14 in Axes
 15722 | Lair:2   | Found a hole to the Spider Nest.
 15723 | Lair:2   | a dream sheep changed into a fire crab
 15723 | Lair:2   | Noticed a fire crab
 15742 | Lair:2   | Killed a fire crab
 16317 | Lair:2   | Noticed a death yak
 16322 | Lair:2   | Noticed a death yak
 16323 | Lair:2   | Noticed a death yak
 16325 | Lair:2   | Noticed a death yak
 16327 | Lair:2   | Noticed a death yak
 16329 | Lair:2   | Noticed a death yak
 16333 | Lair:2   | Killed a death yak
 16350 | Lair:2   | Killed a death yak
 16355 | Lair:2   | Killed a death yak
 16356 | Lair:2   | Gained mutation: You are mostly covered in sharp spines.
                  | [demonic ancestry]
 16356 | Lair:2   | Reached XP level 12. HP: 29/102 MP: 12/12
 16361 | Lair:2   | Killed a death yak
 16364 | Lair:2   | Killed a death yak
 16367 | Lair:2   | Slain by a death yak

Illustrated notes

Levels and vault maps discovered:
D:1:      nzn_arrival_depleted_hourglass, layout_loops_ring, serial_shops, shop,
          shop_fountains, nicolae_square_shop
D:2:      layout_rooms
D:3:      layout_rooms, ebering_ecumenical_altar_hall, serial_shops,
          nicolae_shop_waterfront
D:4:      layout_rooms, uniq_edmund
D:5:      layout_loops_corners, uniq_prince_ribbit1
D:6:      layout_rooms, minmay_temple_entry_slanted
D:7:      layout_basic, lemuel_coloured_pillars_altar, uniq_duvessa
D:8:      layout_basic, zin_academy
D:9:      layout_basic, orc_0_dummy
D:10:     layout_loops_ring, minmay_overflow_temple_star_quad, erik_lair_island,
          hangedman_decor_push, minmay_shop_damaged,
          minmay_guarded_unrand_staff_of_olgreb, uniq_erolcha
Temple:   minmay_temple_bridge_d
Lair:1:   layout_hall_layers, uniq_gastronok, uniq_harold
Lair:2:   layout_cave_pods, dummy_spider_entry, infiniplex_staircase_pool

Skill      XL: |  1  2  3  4  5  6  7  8  9 10 11 12 |
---------------+-------------------------------------+-----
Axes           | 2 3 4 5 7 9 11 12 14 | 14.9
Fighting       | 4 5 6 7 8 10 11 12 | 12.0
Armour         | |  2.6
Shields        | |  2.6

Action                     |  1- 3 |  4- 6 |  7- 9 | 10-12 || total
---------------------------+-------+-------+-------+-------++-------
  Melee: War axe           |   122 |    77 |   223 |   238 ||   660
         Headbutt          |       |     4 |    44 |    72 ||   120
  Evoke: Wand              |       |       |     6 |    20 ||    26
         Phial of floods   |       |       |       |     2 ||     2
    Use: Scroll            |     5 |     4 |    10 |     9 ||    28
         Potion            |     1 |     2 |     5 |     5 ||    13
   Stab: Distracted        |       |       |       |     5 ||     5
 Armour: Scale mail        |    58 |    20 |       |       ||    78
         Chain mail        |       |     5 |    58 |       ||    63
         Plate armour      |       |       |   103 |   113 ||   216
  Dodge: Dodged            |    61 |    30 |    85 |    73 ||   249
  Block: Buckler           |    35 |    16 |    58 |    47 ||   156

Table legend: (Time is in decaauts)
 A = Elapsed time spent in this place.
 B = Non-inter-level travel time spent in this place.
 C = Inter-level travel time spent in this place.
 D = Time resting spent in this place.
 E = Time spent auto-exploring this place.
 F = Levels seen in this place.
 G = Mean time per level.
                   A        B        C        D        E       F      G
               +--------+--------+--------+--------+--------+-----+--------+
         Total |  16532 |  14495 |   2037 |   4617 |   7249 |  13 | 1271.7 |
       Dungeon |  13749 |  11880 |   1869 |   4104 |   5727 |  10 | 1374.9 |
        Temple |    170 |     72 |     98 |      0 |     62 |   1 |  170.0 |
          Lair |   2612 |   2543 |     69 |    513 |   1460 |   2 | 1306.0 |
               +--------+--------+--------+--------+--------+-----+--------+

Top non-repeatable levels by time:
    D:10: 3500 daAuts
     D:1: 1678 daAuts
     D:2: 1454 daAuts
     D:7: 1410 daAuts
     D:5: 1405 daAuts
  Lair:2: 1352 daAuts
  Lair:1: 1259 daAuts
     D:4: 1045 daAuts
     D:3: 961 daAuts
     D:6: 831 daAuts
     D:8: 800 daAuts
     D:9: 661 daAuts
  Temple: 170 daAuts
